 Dungeon Crawl Stone Soup version 0.25-a0-265-g7af84ae0ac (webtiles) character file.

Game seed: 10718118101513368565, levelgen mode: deterministic

138 RedPan the Ruffian (level 5, -1/53 HPs)
             Began as an Ogre Transmuter on Dec 8, 2019.
             Splashed by a jelly's acid (4 damage)
             ... on level 4 of the Dungeon.
             The game lasted 00:06:05 (3081 turns).

RedPan the Ruffian (Ogre Transmuter)                Turns: 3081, Time: 00:06:06

Health: -1/53      AC: -6    Str: 14    XL:     5   Next: 21%
Magic:  5/8        EV: 19    Int: 15    God:
Gold:   136        SH:  0    Dex: 14    Spells: 2/8 levels left

rFire    . . .     SeeInvis .     - Unarmed
rCold    . . .     Gourm    .   (shield currently unavailable)
rNeg     . . .     Faith    .   (armour currently unavailable)
rPois    .         Spirit   .   (helmet currently unavailable)
rElec    .         Reflect  .   (cloak currently unavailable)
rCorr    .         Harm     .   (gloves unavailable)
MR       .....                  (boots unavailable)
Stlth    +.........             (no amulet)
HPRegen  0.17/turn              f - ring of poison resistance
MPRegen  0.11/turn              (no ring)

@: spider-form (expiring), corroded
A: tiny, unfitting armour
a: End Transformation


You were on level 4 of the Dungeon.
You were not hungry.
You were a venomous arachnid creature.
You visited 1 branch of the dungeon, and saw 6 of its levels.

You collected 136 gold pieces.

Inventory:

Missiles
 a - 32 arrows
Armour
 b - a +0 robe (melded)
Jewellery
 f - a ring of poison resistance (left front leg)
Wands
 j - a wand of random effects (4)
 k - a wand of digging (2)
Scrolls
 e - 2 scrolls of identify
Potions
 g - a potion of lignification
 i - a potion of haste {unknown}
Comestibles
 d - 5 rations
 h - a chunk of flesh


   Skills:
 - Level 3.0 Fighting
 - Level 1.7 Dodging
 - Level 4.0 Unarmed Combat
 - Level 2.4 Spellcasting
 + Level 2.5 Transmutations
 + Level 1.4 Poison Magic


You had 2 spell levels left.
You knew the following spells:

 Your Spells              Type           Power        Failure   Level  Hunger
a - Beastly Appendage     Tmut           #.....       21%         1    #......
b - Sticks to Snakes      Tmut           #.......     28%         2    ###....
c - Spider Form           Tmut/Pois      #.........   50%         3    ###....

Your spell library contained the following spells:

 Spells                   Type           Power        Failure   Level  Hunger
 Ice Form                 Ice/Tmut       #.......     90%         4    #####..
 Blade Hands              Tmut           #.........   98%         5    ######.


Dungeon Overview and Level Annotations

Branches:
Dungeon (6/15)
 Temple: D:4-7

Altars:


Innate Abilities, Weirdness & Mutations

You are too large for most types of armour.
((You have tough skin. (AC +1)))


Message History

You turn into a venomous arachnid creature.
Your +0 robe melds into your body.
The orc wizard miscasts a cantrip.
The jelly completely misses you.
Unknown command.
You hit the jelly.
The jelly is poisoned.
Your front legs burn!
The jelly is moderately wounded.
Your transformation is almost over.
The orc wizard hits you with a +0 dagger.
The jelly barely misses you. The orc wizard barely misses you.
You hit the jelly. The acid corrodes you!
Your front legs burn!
* * * LOW HITPOINT WARNING * * *
The jelly is almost dead.
The orc wizard completely misses you. The jelly hits you.
* * * LOW HITPOINT WARNING * * *
The acid corrodes you!
You are splashed with acid.
* * * LOW HITPOINT WARNING * * *
You hit the jelly but do no damage.
The jelly looks even sicker.
Your front legs burn!
You die...

##+###
#....#
#....#
#....#
#sJ..#
#.o..#
#....#
.#.###
. .#
#. .#
.. ..
## ..


You could see a jelly and an orc wizard.

Vanquished Creatures
  Natasha (D:1)
  Robin (D:2)
  2 adders
  2 worms
  3 leopard geckos
  3 giant cockroaches
  13 goblins
  9 hobgoblins
  2 kobolds
  2 quokkas (D:2)
  3 ball pythons
  6 bats
  A frilled lizard (D:3)
  7 rats
55 creatures vanquished.

Vanquished Creatures (collateral kills)
  An iguana (D:2)
  A worm (D:2)
2 creatures vanquished.

Grand Total: 57 creatures vanquished

Notes
Turn   | Place    | Note
-------+----------+-------------------------------------------
     0 | D:1      | RedPan the Ogre Transmuter began the quest for the Orb.
     0 | D:1      | Reached XP level 1. HP: 19/19 MP: 3/3
   421 | D:1      | Reached skill level 3 in Unarmed Combat
   421 | D:1      | Reached XP level 2. HP: 28/28 MP: 3/5
   618 | D:1      | Learned a level 2 spell: Sticks to Snakes
   996 | D:2      | Noticed Robin
  1013 | D:2      | Killed Robin
  1013 | D:2      | Reached XP level 3. HP: 24/36 MP: 3/6
  1124 | D:2      | Noticed Natasha
  1306 | D:1      | Killed Natasha
  1508 | D:2      | Reached XP level 4. HP: 35/45 MP: 4/7
  1669 | D:2      | Found a faded altar of an unknown god.
  1748 | D:2      | Reached skill level 4 in Unarmed Combat
  1757 | D:2      | Learned a level 3 spell: Spider Form
  2170 | D:2      | Reached skill level 1 in Poison Magic
  2486 | D:3      | Reached XP level 5. HP: 45/53 MP: 6/8
  3050 | D:3      | You fall into a shaft and drop 3 floors!
  3056 | D:6      | Noticed an ice beast
  3062 | D:5      | Entered Level 5 of the Dungeon
  3081 | D:4      | Splashed by a jelly's acid

Levels and vault maps discovered:
D:1:      dpeg_arrival_concentric_ovals, layout_basic,
          hangedman_abyss_or_decor_stabs, hex_intersection
D:2:      layout_loops_ring, first_ration, chequers_ecumenical_altar_simple,
          uniq_natasha, uniq_robin
D:3:      layout_loops_ring
D:4:      layout_basic, serial_bayou, serial_bayou_pond_e,
          serial_bayou_crossing, serial_bayou_lagoon_a, serial_bayou_pond_e,
          grunt_decor_resistance, hangedman_ru_absence
D:5:      layout_cave_pools
D:6:      layout_basic, marbit_many_paths, lemuel_crystal_altar,
          grunt_temple_overflow_open, lemuel_crystal_altar,
          minmay_temple_entry_wispy, ebering_ghost_sewer_f, uniq_eustachio

Skill      XL: |  1  2  3  4 |
---------------+-------------+-----
Fighting       | 2 3 |  3.0
Unarmed Combat | 3 4 |  4.0
Transmutations | 2 |  2.5
Poison Magic   | 1 |  1.4
Dodging        | |  1.7
Spellcasting   | |  2.4

Action                   |  1- 3 |  4- 6 || total
-------------------------+-------+-------++-------
Melee: Unarmed           |    98 |   146 ||   244
       Kick              |     7 |     8 ||    15
       Headbutt          |     3 |     6 ||     9
       Punch             |       |     2 ||     2
 Cast: Beastly Appendage |    16 |    27 ||    43
       Sticks to Snakes  |     1 |     2 ||     3
       Spider Form       |       |     2 ||     2
  Use: Scroll            |     2 |     1 ||     3
 Stab: Distracted        |     1 |       ||     1
  Eat: Chunk             |     1 |     7 ||     8
Armor: Robe              |    23 |    54 ||    77
Dodge: Dodged            |    51 |    87 ||   138

Table legend:
 A = Non-vault XP
 B = Vault XP
 C = Vault XP percentage of total XP
 D = Non-vault monster count
 E = Vault monster count
 F = Vault count percentage of total count
                 A         B        C        D         E       F
            +---------+---------+-------+---------+---------+-------
      Total |     133 |      65 |  32.8 |      43 |      14 |  24.6
            +---------+---------+-------+---------+---------+-------
        D:1 |      13 |      26 |  66.7 |       9 |       1 |  10.0
        D:2 |      83 |      39 |  32.0 |      21 |      13 |  38.2
        D:3 |      34 |       0 |   0.0 |      12 |       0 |   0.0
        D:6 |       3 |       0 |   0.0 |       1 |       0 |   0.0
            +---------+---------+-------+---------+---------+-------
